 Dungeon Crawl Stone Soup version 0.27-a0-59-gfbafd837a3 (webtiles) character file.

Game seed: 7341963653344094650

21 Borgoz the Twirler (level 2, 18/18 HPs)
             Began as a Gargoyle Gladiator on Jan 8, 2021.
             Quit the game on level 1 of the Dungeon.
             The game lasted 00:00:37 (610 turns).

Borgoz the Twirler (Gargoyle Gladiator)              Turns: 610, Time: 00:00:37

Health: 18/18      AC:  6    Str: 17    XL:     2   Next: 83%
Magic:  2/2        EV: 12    Int:  8    God:
Gold:   23         SH:  0    Dex: 11    Spells: 1/1 levels left

rFire    . . .     SeeInvis .   a - +0 quarterstaff
rCold    . . .     Faith    .   (shield currently unavailable)
rNeg     + . .     Spirit   .   b - +0 leather armour
rPois    ∞         Reflect  .   c - +0 helmet
rElec    +         Harm     .   (no cloak)
rCorr    .         Rampage  .   (no gloves)
Will     .....                  (no boots)
Stlth    +.........             (no amulet)
HPRegen  0.06/turn              (no ring)
MPRegen  0.08/turn              (no ring)

@: no status effects
A: negative energy resistance 1, electricity resistance, unbreathing,
petrification resistance, miasma immunity, AC +2
a: no special abilities


You were on level 1 of the Dungeon.
You visited 1 branch of the dungeon, and saw 1 of its levels.

You collected 23 gold pieces.

Inventory:

Hand Weapons
 a - a +0 quarterstaff (weapon)
Missiles
 d - 3 throwing nets (quivered)
Armour
 b - a +0 leather armour (worn)
 c - a +0 helmet (worn)
Scrolls
 e - 2 scrolls of enchant armour {unknown}
 g - a scroll of noise {unknown}
 h - a scroll of teleportation {unknown}
 i - 2 scrolls of identify {unknown}
Potions
 f - a potion of cancellation {unknown}
 j - a potion of flight {unknown}
 k - a potion of mutation {unknown}


   Skills:
 + Level 2.5 Fighting
 * Level 3.3 Staves
 - Level 1.7 Throwing
 + Level 0.8 Armour
 * Level 2.7 Dodging


You had one spell level left.
You didn't know any spells.
Your spell library was empty.

Dungeon Overview and Level Annotations

Branches:
Dungeon (1/15)

Altars:


Innate Abilities, Weirdness & Mutations

You are resistant to torment.
Your stone body is resilient. (AC +2)
You are immune to poison.
You resist negative energy. (rN+)
You are resistant to electric shocks. (rElec)
You can survive without breathing.
You are immune to petrification.
You are immune to miasma.


Message History

j - a golden potion You see here a cursed -2 club.
k - a sedimented sapphire potion No target in view!
i - 2 scrolls labelled XABBERPHIOC (gained 1)
A bat comes into view.
The helpless bat fails to defend itself.
You sock the bat!
You kill the bat!
No target in view!
You see here a short sword.
Found a spear.
No target in view!
You see here a spear.
A frilled lizard comes into view.
A frilled lizard is nearby!
The frilled lizard barely misses you.
You closely miss the frilled lizard. The frilled lizard closely misses you.
You closely miss the frilled lizard.
The frilled lizard closely misses you. x2
Are you sure you want to abandon this character and quit the game? (Confirm with "yes".)

....####.#
#........#.#.###.##
....####.#
#........#†#.# #.#
.........#
#........#.#.# #.#
##########
##.......#.#.# #.#
# ........####.#.#
#.# ##
......#####...#.#
#.# ... ......#
#.###.# #.# ...
......#####.# #.#
#.# ###
.......l@...###.#
#.# ..
................#
#.# ###
....############
#.# ... #.# # #.#
#.# #.# ####### #.#
#.....# #.#


You could see a frilled lizard.

Vanquished Creatures
  5 bats (D:1)
  A goblin (D:1)
  4 hobgoblins (D:1)
  4 jackals (D:1)
  A kobold (D:1)
  A frilled lizard (D:1)
  A rat (D:1)
17 creatures vanquished.

Notes
Turn   | Place    | Note
-------+----------+-------------------------------------------
     0 | D:1      | Borgoz the Gargoyle Gladiator began the quest for the Orb.
     0 | D:1      | Reached XP level 1. HP: 12/12 MP: 1/1
    77 | D:1      | Reached XP level 2. HP: 13/18 MP: 2/2
   610 | D:1      | Quit the game

Illustrated notes

Levels and vault maps discovered:
D:1:      lightli_molten_gateway, layout_basic

Action                   || total
-------------------------++-------
Melee: Quarterstaff      ||    58
 Stab: Sleeping          ||     1
Armor: Leather armour    ||    29
Dodge: Dodged            ||    55

Table legend: (Time is in decaauts)
 A = Elapsed time spent in this place.
 B = Non-inter-level travel time spent in this place.
 C = Inter-level travel time spent in this place.
 D = Time resting spent in this place.
 E = Time spent auto-exploring this place.
 F = Levels seen in this place.
 G = Mean time per level.
                   A        B        C        D        E       F      G
               +--------+--------+--------+--------+--------+-----+--------+
         Total |    618 |    618 |      0 |     67 |    438 |   1 |  618.0 |
       Dungeon |    618 |    618 |      0 |     67 |    438 |   1 |  618.0 |
               +--------+--------+--------+--------+--------+-----+--------+

Top non-repeatable levels by time:
     D:1: 618 daAuts
